 Dungeon Crawl Stone Soup version 0.30-a0-743-gbfdf073431 (webtiles) character file.

Game seed: 15828353615695175529

32195 Darius099 the Severer (level 13, -6/113 HPs)
             Began as a Minotaur Fighter on Feb 7, 2023.
             Was the Champion of Okawaru.
             Killed from afar by a bog body (36 damage)
             ... with a bolt of cold
             ... on level 3 of the Lair of Beasts.
             The game lasted 00:49:26 (17760 turns).

Darius099 the Severer (Minotaur Fighter)           Turns: 17760, Time: 00:49:27

Health: -6/113     AC: 24    Str: 25    XL:     13   Next: 30%
Magic:  27/27      EV: 30    Int:  7    God:    Okawaru [******]
Gold:   858        SH:  6    Dex: 14    Spells: 12/12 levels left

rFire   . . .      SeeInvis .    Z - +1 broad axe (freeze)
rCold   . . .      Faith    .    c - +0 buckler
rNeg    + . .      Spirit   .    x - +5 ring mail "Rifipri" {+Blink rN+ MP+9 Int+2}
rPois   .          Reflect  .    (helmet restricted)
rElec   .          Harm     .    O - +2 cloak
rCorr   .          Rampage  .    M - +2 pair of gloves {Dex+3}
Will    .....                    a - +0 pair of boots
Stlth   +                        G - amulet of the acrobat
HPRegen 0.38/turn                Y - +4 ring of protection
MPRegen 0.20/turn                r - +5 ring of evasion

@: acrobatic
A: horns 2, retaliatory headbutt
a: Renounce Religion, Evoke Blink, Heroism, Finesse, Duel


You were on level 3 of the Lair of Beasts.
You worshipped Okawaru.
Okawaru was exalted by your worship.
You visited 3 branches of the dungeon, and saw 15 of its levels.
You visited the Abyss 1 time.
You also visited: Bailey.

You collected 858 gold pieces.

Inventory:

Hand Weapons
 L - a +1 broad axe of venom
 W - a +2 heavy executioner's axe
 Z - a +1 broad axe of freezing (weapon)
Missiles
 j - 105 stones (quivered)
 Q - 4 boomerangs of dispersal
 X - 11 javelins
Armour
 a - a +0 pair of boots (worn)
 c - a +0 buckler (worn)
 u - a +0 plate armour
 x - the +5 ring mail "Rifipri" (worn) {+Blink rN+ MP+9 Int+2}
   (You found it on level 4 of the Dungeon)

   Int:       It affects your intelligence (+2).
   rN:        It protects you from negative energy.
   MP:        It affects your magic capacity (+9).
   +Blink:    It lets you blink.
 M - a +2 pair of gloves of dexterity (worn)
 O - a +2 cloak (worn)
Jewellery
 k - a ring of see invisible
 l - a ring of protection from cold
 o - a ring of protection from fire
 r - a +5 ring of evasion (right hand)
 G - an amulet of the acrobat (around neck)
 T - a +6 ring of dexterity
 V - a ring of flight
 Y - a +4 ring of protection (left hand)
Wands
 A - a wand of quicksilver (21)
 K - a wand of flame (9)
Scrolls
 b - 3 scrolls of magic mapping
 f - a scroll of summoning {unknown}
 g - a scroll of torment {unknown}
 h - 7 scrolls of teleportation
 i - 2 scrolls of amnesia
 p - 2 scrolls of fog
 y - a scroll of noise {unknown}
 z - a scroll of blinking
 D - 7 scrolls of fear
 I - a scroll of silence {unknown}
 R - 2 scrolls of enchant armour {unknown}
 S - a scroll of enchant weapon
Potions
 d - 3 potions of might
 e - 6 potions of mutation
 m - 4 potions of haste
 s - 7 potions of curing
 t - 3 potions of berserk rage
 w - a potion of invisibility {unknown}
 B - 5 potions of flight
 C - a potion of lignification
 E - 2 potions of heal wounds
 H - 3 potions of cancellation
 N - a potion of ambrosia
 P - 3 potions of magic
Miscellaneous
 q - a piece from Xom's chessboard (15/15)


   Skills:
 + Level 10.1 Fighting
 - Level 18.0 Axes
 + Level 7.1 Throwing
 + Level 10.1 Armour
 + Level 10.1 Shields
 - Level 8.1 Invocations


You had 12 spell levels left.
You didn't know any spells.
Your spell library contained the following spells:

 Spells                   Type           Power      Damage    Failure   Level
 Freeze                   Ice            0%         1d3       63%         1
 Magic Dart               Conj           0%         1d3       63%         1
 Searing Ray              Conj           0%         2d4       77%         2
 Sublimation of Blood     Necr           0%         N/A       77%         2
 Frozen Ramparts          Ice            0%         1d1       94%         3
 Hailstorm                Conj/Ice       0%         3d3       94%         3
 Mephitic Cloud           Conj/Pois/Air  0%         N/A       94%         3
 Portal Projectile        Hex/Tloc       0%         N/A       94%         3
 Fulminant Prism          Conj/Hex       0%         3d5       100%        4
 Leda's Liquefaction      Hex/Erth       0%         N/A       100%        4
 Petrify                  Tmut/Erth      0%         N/A       100%        4
 Irradiate                Conj/Tmut      0%         3d11      100%        5
 Orb of Destruction       Conj           0%         9d5       100%        7
 Storm Form               Tmut/Air       0%         N/A       100%        7
 Maxwell's Capacitive Co  Air            0%         ∞         100%        8
 Chain Lightning          Conj/Air       0%         N/A       100%        9
 Fire Storm               Conj/Fire      0%         5d1       100%        9
 Shatter                  Erth           0%         3d5*      100%        9
 Call Imp                 Summ           Unusable   N/A       N/A         2
 Call Canine Familiar     Summ           Unusable   N/A       N/A         3
 Summon Guardian Golem    Hex/Summ       Unusable   N/A       N/A         3
 Summon Lightning Spire   Summ/Air       Unusable   N/A       N/A         4
 Spellforged Servitor     Conj/Summ      Unusable   N/A       N/A         7

Dungeon Overview and Level Annotations

Branches:
Dungeon (11/15)            Temple (1/1) D:4            Lair (3/5) D:10
 Spider (0/4) Lair:2          Orc (0/2) D:11         Bailey (visited)
  Swamp: Lair:2-3    Shoals: Lair:2-3

Altars:
Ashenzari
Cheibriados
Dithmenos
Elyvilon
Fedhas
Gozag
Hepliaklqana
Kikubaaqudgha
Makhleb
Nemelex Xobeh
Okawaru
Qazlal
Ru
Sif Muna
Uskayaw
Vehumet
Wu Jian
Xom
Yredelemnul
Zin
The Shining One

Annotations:
D:9 2 transporters


Innate Abilities, Weirdness & Mutations

You have a pair of horns on your head.
You reflexively headbutt those who attack you in melee.


Message History

You closely miss the bog body. Your headbutt misses the bog body.
The bog body is moderately damaged.
You completely miss the swamp worm. You block the bog body's attack.
The swamp worm bites you.
You hit the bog body.
The bog body is moderately damaged.
You hit the swamp worm but do no damage.
You slash the bog body! You freeze the bog body. You headbutt the bog body.
The bog body is severely damaged.
You hit the swamp worm but do no damage.
The swamp worm bites you. The bog body touches you. The bog body freezes you!!
* * * LOW HITPOINT WARNING * * *
You feel much better.
The bog body gestures at you while chanting.
The bolt of cold hits you!!
* * * LOW HITPOINT WARNING * * *
Blink to where?
Press: ? - help, Dir - move target
As you read the scroll of blinking, it crumbles to dust.
There is an open door here.
The swamp worm fires a harpoon shot at you.
The harpoon shot hits you but does no damage.
The swamp worm fires a harpoon shot at you.
The harpoon shot misses you.
The swamp worm fires a harpoon shot at you.
The harpoon shot hits you!
* * * LOW HITPOINT WARNING * * *
You are yanked forward by the harpoon shot.
The swamp worm attacks as you move away!
The swamp worm misses you.
You enter the shallow water.
Moving in this stuff is going to be slow.
The bog body casts a spell at you. The bolt of cold misses you.
The swamp worm attacks as you move away!
The swamp worm bites you.
* * * LOW HITPOINT WARNING * * *
The bog body points at you and mumbles some strange words.
The bolt of cold hits you!!!
You die...

♣ ♣....PP..##### ##.......... ♣
♣#.P.#...PP#.####........... ♣
♣<.......................... ♣♣
♣♣..............<............
.♣♣♣♣..#P.#..............P#.###..
....♣#.####.......?..P.....####..
....#### #..............##..##...
....## ##.............###..##..
.....# ##.....@............##..
#.#.## #....w...........###.#..
..#.# ##..○○P~......~P## ##...
....## #.n~~~P~~~PP~P~# ##..
..n..# #.w~~P~~~~~~~~######...
....#######..~~~~~~~~~~PPP##.#...
.....P#.##...~~~~~PPP~~~.........
.#...........~~~~≈≈≈~PPP.........
....w.......♣~~≈≈≈≈≈~≈~~♣........


You could see a bog body and 2 swamp worms.

Vanquished Creatures
  A tentacled starspawn (Abyss:1)
  Erolcha (D:11)
  A hydra (Lair:3)
  2 vault guards (Bailey)
  A two-headed ogre (D:11)
  5 death yaks
  A thrashing horror (Abyss:1)
  Nergalle (Lair:1)
  A bog body (Lair:3)
  A lindwurm (Lair:2)
  Pikel (D:7)
  A manticore (D:11)
  2 black mambas
  An elephant (Lair:1)
  A worldbinder (Abyss:1)
  Joseph (D:8)
  5 cane toads
  A gargoyle (D:11)
  Maggie (Lair:1)
  2 unseen horrors
  A kobold demonologist (D:10)
  A rime drake (Lair:1)
  7 komodo dragons
  2 ancient zymes (Abyss:1)
  3 trolls
  A polar bear (Lair:2)
  An ice devil (Abyss:1)
  Prince Ribbit (Bailey)
  Grinder (D:5)
  9 blink frogs (Lair:2)
  16 yaks
  3 culicivoras (Lair:2)
  2 wraiths (D:11)
  6 humans (Bailey)
  A wyvern (Lair:2)
  A ynoxinul (Abyss:1)
  3 basilisks
  3 vampire mosquitoes (D:10)
  A steam dragon (D:7)
  Menkaure (D:6)
  Edmund (D:4)
  2 acid dragons
  5 water moccasins
  2 swamp worms (Lair:3)
  3 orc warriors
  A black bear (D:4)
  A sky beast (D:9)
  2 ogres (D:6)
  8 wolves
  6 centaurs
  3 phantoms
  12 bullfrogs
  2 kobold brigands
  6 scorpions
  10 wights
  3 small abominations (Abyss:1)
  6 killer bees
  11 electric eels
  7 howler monkeys
  6 hounds
  13 orc priests
  3 gnoll boudas
  A jelly (D:7)
  3 iguanas
  9 orc wizards
  13 adders
  21 gnolls
  A white imp (Abyss:1)
  An ufetubus (D:6)
  A worm (D:4)
  4 dart slugs
  51 orcs
  8 endoplasms
  4 giant cockroaches
  4 goblins
  11 hobgoblins
  8 jackals
  A quokka (D:1)
  A ball python (D:2)
  15 bats
  3 frilled lizards (D:2)
  15 kobolds
  5 rats
  A starspawn tentacle (Abyss:1)
389 creatures vanquished.

Vanquished Creatures (others)
  A kobold (D:10)
  13 fungi
  9 plants
  3 starspawn tentacles (Abyss:1)
26 creatures vanquished.

Grand Total: 415 creatures vanquished

Notes
Turn   | Place    | Note
-------+----------+-------------------------------------------
     0 | D:1      | Darius099 the Minotaur Fighter began the quest for the Orb.
     0 | D:1      | Reached XP level 1. HP: 19/19 MP: 0/0
   169 | D:1      | Reached XP level 2. HP: 27/27 MP: 1/1
   637 | D:2      | Reached skill level 3 in Axes
   637 | D:2      | Reached XP level 3. HP: 29/33 MP: 2/2
   761 | D:2      | Reached XP level 4. HP: 40/40 MP: 3/3
  1217 | D:2      | Reached skill level 4 in Axes
  1374 | D:2      | Found a faded altar of an unknown god.
  1777 | D:3      | Reached skill level 5 in Axes
  1777 | D:3      | Reached XP level 5. HP: 46/46 MP: 4/4
  2226 | D:4      | Noticed Edmund
  2237 | D:4      | Killed Edmund
  2238 | D:4      | Reached skill level 6 in Axes
  2238 | D:4      | Reached XP level 6. HP: 18/52 MP: 5/5
  2458 | D:4      | Reached skill level 7 in Axes
  2689 | D:4      | Reached skill level 8 in Axes
  2724 | D:4      | Found a staircase to the Ecumenical Temple.
  2765 | Temple   | Entered the Ecumenical Temple
  2863 | Temple   | Became a worshipper of Warmaster Okawaru
  2996 | D:4      | Found an ancient bone altar of Kikubaaqudgha.
  3002 | D:4      | Reached XP level 7. HP: 59/59 MP: 6/6
  3005 | D:4      | Identified the +5 ring mail "Rifipri" {+Blink rN+ MP+9
                  | Int+2}
  3266 | D:5      | Entered Level 5 of the Dungeon
  3285 | D:5      | Noticed Grinder
  3397 | D:5      | Reached skill level 9 in Axes
  3483 | D:5      | Paralysed by Grinder for 4 turns
  3492 | D:5      | Paralysed by Grinder for 5 turns
  3497 | D:5      | Killed Grinder
  3497 | D:5      | Reached * piety under Okawaru
  3498 | D:5      | Reached skill level 10 in Axes
  3855 | D:5      | Reached skill level 1 in Invocations
  3901 | D:5      | Reached XP level 8. HP: 44/66 MP: 8/8
  4658 | D:6      | Noticed Menkaure
  4668 | D:6      | Killed Menkaure
  4669 | D:6      | Reached skill level 11 in Axes
  4924 | D:6      | Reached ** piety under Okawaru
  5500 | D:7      | Reached skill level 5 in Invocations
  5514 | D:7      | Reached skill level 12 in Axes
  5514 | D:7      | Reached XP level 9. HP: 30/71 MP: 12/12
  5717 | D:7      | Noticed Pikel
  5734 | D:7      | Killed Pikel
  5734 | D:7      | Reached *** piety under Okawaru
  5746 | D:7      | Identified the +3 whip "Cede" {freeze, Drain rN+ Str+2}
  5869 | D:7      | Reached skill level 13 in Axes
  6383 | D:7      | Reached **** piety under Okawaru
  6424 | D:7      | Found the +11 Singing Sword {sonic wave}
  6597 | D:8      | Noticed Joseph
  6613 | D:8      | Killed Joseph
  6614 | D:8      | Reached XP level 10. HP: 21/79 MP: 15/15
  6843 | D:8      | Reached skill level 1 in Throwing
  6854 | D:8      | Found a glowing silver altar of Zin.
  6860 | D:8      | Found an ornate altar of the Wu Jian Council.
  6861 | D:8      | Found a white marble altar of Elyvilon.
  7083 | D:8      | Reached skill level 14 in Axes
  7600 | D:9      | Found a transporter.
  7606 | D:9      | Found a transporter.
  7912 | D:9      | Found a flagged portal.
  7920 | Bailey   | Entered a bailey
  7936 | Bailey   | Reached ***** piety under Okawaru
  8018 | Bailey   | Noticed Prince Ribbit
  8021 | Bailey   | Noticed a vault guard
  8065 | Bailey   | HP: 3/79 [vault guard/+0 broad axe (22)]
  8068 | Bailey   | Killed a vault guard
  8068 | Bailey   | Received a gift from Okawaru
  8069 | Bailey   | Reached skill level 15 in Axes
  8069 | Bailey   | Reached skill level 5 in Throwing
  8086 | Bailey   | Killed Prince Ribbit
  8464 | Bailey   | Noticed a vault guard
  8478 | Bailey   | Killed a vault guard
  8478 | Bailey   | Received a gift from Okawaru
  8669 | D:9      | Reached XP level 11. HP: 83/84 MP: 16/16
  8908 | D:9      | Identified the +1 leather armour "Uwupaf" {rN++ Str+4}
  9330 | D:10     | Entered Level 10 of the Dungeon
  9583 | D:10     | Found a staircase to the Lair.
  9612 | D:10     | Noticed a tengu warrior
  9612 | D:10     | Noticed a tengu warrior
  9617 | D:10     | Noticed a five-headed hydra
  9619 | D:10     | Noticed a centaur warrior
  9619 | D:10     | Noticed an ogre mage
  9619 | D:10     | Noticed a tengu warrior
  9625 | D:10     | Noticed a fire dragon
  9683 | D:10     | a culicivora changed into a lindwurm
  9683 | D:10     | Noticed a lindwurm (shapeshifter)
  9797 | D:10     | a yaktaur changed into an entropy weaver
  9797 | D:10     | Noticed an entropy weaver (shapeshifter)
  9811 | D:10     | an entropy weaver changed into a tarantella
  9940 | D:10     | Received a gift from Okawaru
  9953 | D:10     | Reached skill level 16 in Axes
 10348 | D:10     | Noticed a lindwurm
 10460 | D:10     | Reached skill level 5 in Fighting
 10460 | D:10     | Reached skill level 5 in Armour
 10460 | D:10     | Reached skill level 5 in Shields
 10741 | D:11     | Noticed a two-headed ogre
 10752 | D:11     | Killed a two-headed ogre
 10752 | D:11     | Received a gift from Okawaru
 10959 | D:11     | Noticed Erolcha
 10969 | Abyss:1  | Cast into level 1 of the Abyss (Erolcha)
 10979 | Abyss:1  | Noticed a thrashing horror
 11088 | Abyss:1  | Noticed a tentacled starspawn
 11100 | Abyss:1  | Noticed a thrashing horror
 11111 | Abyss:1  | Killed a thrashing horror
 11120 | Abyss:1  | Killed a tentacled starspawn
 11207 | D:11     | Escaped the Abyss
 11216 | D:11     | Killed Erolcha
 11517 | D:11     | Reached XP level 12. HP: 85/97 MP: 17/17
 12372 | D:11     | Found a staircase to the Orcish Mines.
 12548 | D:11     | Received a gift from Okawaru
 13195 | Lair:1   | Entered Level 1 of the Lair of Beasts
 13287 | Lair:1   | Noticed Maggie
 13297 | Lair:1   | Killed Maggie
 13298 | Lair:1   | Reached skill level 17 in Axes
 13474 | Lair:1   | Noticed Nergalle
 13481 | Lair:1   | Killed Nergalle
 14633 | Lair:2   | Noticed a death yak
 14634 | Lair:2   | Noticed a death yak
 14641 | Lair:2   | Noticed a death yak
 14665 | Lair:1   | Killed a death yak
 14665 | Lair:1   | Received a gift from Okawaru
 14665 | Lair:1   | Reached ****** piety under Okawaru
 14717 | Lair:2   | Noticed a death yak
 14724 | Lair:1   | Killed a death yak
 14754 | Lair:2   | Noticed a death yak
 14882 | Lair:1   | Killed a death yak
 15124 | Lair:1   | Killed a death yak
 15255 | Lair:2   | Killed a death yak
 15314 | Lair:2   | Received a gift from Okawaru
 15484 | Lair:2   | Received a gift from Okawaru
 15524 | Lair:2   | Reached XP level 13. HP: 111/111 MP: 18/18
 15761 | Lair:2   | Found a hole to the Spider Nest.
 16691 | Lair:3   | Reached skill level 18 in Axes
 16691 | Lair:3   | Reached skill level 10 in Shields
 17600 | Lair:3   | Reached skill level 10 in Fighting
 17600 | Lair:3   | Reached skill level 10 in Armour
 17671 | Lair:3   | Received a gift from Okawaru
 17760 | Lair:3   | Killed from afar by a bog body

Illustrated notes

Levels and vault maps discovered:
D:1:      wheals_arrival_linesprint, layout_rooms
D:2:      layout_basic, shapermc_ecumenical_altar_pompeii, serial_park_tiny_2,
          dreamdust_princess_bridge
D:3:      layout_basic, small_statue_intersection
D:4:      layout_rooms, lemuel_round_altar, minmay_temple_entry_stoned_glass,
          uniq_edmund
D:5:      layout_basic, serial_corexii_hall, corexii_hall_statues_s,
          corexii_hall_statues_s, grunt_decor_junction, uniq_grinder
D:6:      layout_rooms, serial_curves, eino_curves_02, eino_curves_02,
          uniq_menkaure
D:7:      old_forge, layout_basic, uniq_pikel
D:8:      layout_rooms, grunt_temple_overflow_open, grunt_ministairs_14,
          uniq_joseph
D:9:      layout_irregular_city, enter_bailey_2, nicolae_diode_stairs
D:10:     layout_roguey, erik_lair_island, minmay_misc_feat_five, minivault_12
D:11:     layout_basic, hiddenorc2_lemuel, grunt_decor_arrowhead,
          wad_floor_pattern_1, grunt_ministairs_8, minmay_liquid_box,
          corexii_checkpoint_b, uniq_erolcha
Temple:   hc_temple_tempest_star
Lair:1:   layout_gridlike, minmay_holes, st_stairs_10, uniq_nergalle,
          uniq_maggie
Lair:2:   layout_regular_city, hellmonk_spider_entry_life_and_decay,
          lemuel_fruit_tree, grunt_megastairs_1
Lair:3:   layout_chaotic_city, nicolae_swamp_entry_splash_gauntlet,
          serial_bayou_pond_d, evilmike_ambush [evilmike_ambush_outer_basic,
          evilmike_ambush_inner_basic], serial_bayou_shore_a

Skill      XL: |  1  2  3  4  5  6  7  8  9 10 11 12 13 |
---------------+----------------------------------------+-----
Armour         | 4 6 9 10 | 10.1
Shields        | 4 6 9 10 | 10.1
Fighting       | 4 6 9 10 | 10.1
Axes           | 3 5 6 8 10 12 13 15 16 17 18 | 18.0
Invocations    | 1 5 8 |  8.1
Throwing       | 6 7 |  7.1

Action                     |  1- 3 |  4- 6 |  7- 9 | 10-12 | 13-15 || total
---------------------------+-------+-------+-------+-------+-------++-------
  Melee: War axe           |    46 |    97 |   211 |       |       ||   354
         Headbutt          |     7 |    12 |    57 |   111 |    31 ||   218
         Broad axe         |       |       |    29 |   603 |   127 ||   759
  Throw: Stone             |       |       |     3 |    17 |     4 ||    24
         Javelin           |       |       |       |       |     2 ||     2
 Invoke: Heroism           |       |       |     1 |     2 |       ||     3
         Finesse           |       |       |       |     1 |       ||     1
  Evoke: Wand              |       |       |       |     9 |       ||     9
    Use: Scroll            |       |       |       |    21 |     4 ||    25
         Potion            |       |       |       |     7 |     1 ||     8
 Armour: Scale mail        |    15 |     3 |       |       |       ||    18
         Chain mail        |       |    28 |       |       |       ||    28
         Plate armour      |       |    17 |       |       |       ||    17
         Ring mail         |       |       |    55 |   219 |    41 ||   315
  Dodge: Dodged            |    22 |    50 |   134 |   437 |    77 ||   720
  Block: Buckler           |    14 |    15 |    46 |   119 |    35 ||   229

Table legend: (Time is in decaauts)
 A = Elapsed time spent in this place.
 B = Non-inter-level travel time spent in this place.
 C = Inter-level travel time spent in this place.
 D = Time resting spent in this place.
 E = Time spent auto-exploring this place.
 F = Levels seen in this place.
 G = Mean time per level.
                   A        B        C        D        E       F      G
               +--------+--------+--------+--------+--------+-----+--------+
         Total |  17678 |  16501 |   1177 |   5681 |   6441 |  17 | 1039.9 |
       Dungeon |  12498 |  11630 |    868 |   3753 |   4982 |  11 | 1136.2 |
        Temple |    132 |     98 |     34 |      0 |     79 |   1 |  132.0 |
          Lair |   4220 |   3945 |    275 |   1515 |   1361 |   3 | 1406.7 |
         Abyss |    228 |    228 |      0 |     51 |      0 |   1 |  228.0 |
        Bailey |    599 |    599 |      0 |    360 |     18 |   1 |  599.0 |
               +--------+--------+--------+--------+--------+-----+--------+

Top non-repeatable levels by time:
    D:11: 2347 daAuts
  Lair:1: 1852 daAuts
     D:9: 1614 daAuts
  Lair:2: 1546 daAuts
     D:5: 1387 daAuts
     D:7: 1310 daAuts
    D:10: 1063 daAuts
     D:4: 944 daAuts
     D:2: 922 daAuts
     D:8: 836 daAuts
  Lair:3: 821 daAuts
     D:6: 742 daAuts
     D:3: 692 daAuts
     D:1: 636 daAuts
  Bailey: 599 daAuts
